 Dungeon Crawl Stone Soup version 0.29-a0-284-gf9362112df (webtiles) character file.

Game seed: 2677164154052556624

46439 bwicke the Geomancer (level 14, -13/89 (101) HPs)
             Began as an Octopode Earth Elementalist on Apr 1, 2022.
             Was the Champion of Ru.
             Mangled by a catoblepas (31 damage)
             ... on level 6 of the Lair of Beasts.
             The game lasted 02:11:08 (23725 turns).

bwicke the Geomancer (Octopode Earth Elementalist) Turns: 23725, Time: 02:11:09

HP:   -13/89 (101)  AC:  1    Str: 16    XL:     14   Next: 37%
MP:   21/21         EV: 17    Int: 17    God:    Ru [******]
Gold: 800           SH:  0    Dex: 20    Spells: 4/23 levels left

rFire   + . .      SeeInvis +   F - +9 falchion of Tillap {speed, Int-3 Dex+8 SInv}
rCold   . . .      Faith    .   (helmet restricted)
rNeg    . . .      Spirit   .   c - amulet of magic regeneration
rPois   +          Reflect  .   k - ring of poison resistance
rElec   +          Harm     .   T - ring of wizardry
rCorr   .          Rampage  .   y - ring of wizardry
Will    +....                   r - ring of Sagremat {Fire rElec Str+2}
Stlth   ..........              t - +4 ring of slaying
HPRegen 0.24/turn               Z - ring of protection from cold
MPRegen 0.57/turn               C - +6 ring of strength

@: exhausted, on berserk cooldown, heavily drained, invisible, unable to read
A: almost no armour, amphibious, 7 rings, camouflage 1, dopey 1, gelatinous body
1, inability to read while threatened, missing a hand, no stealth, hated by all,
(nimble swimmer 1), tentacles
a: Renounce Religion, Draw Out Power, Power Leap, Apocalypse


You were on level 6 of the Lair of Beasts.
You worshipped Ru.
Ru was exalted by your worship.
You visited 3 branches of the dungeon, and saw 18 of its levels.

You collected 1125 gold pieces.
You spent 325 gold pieces at shops.

Inventory:

Hand Weapons
 e - a +0 hunting sling
 g - a +2 falchion of holy wrath
 E - a +6 dagger of chaos
 F - the +9 falchion of Tillap (weapon) {speed, Int-3 Dex+8 SInv}
   (You found it on level 3 of the Lair of Beasts)

   Attacks with this weapon are significantly faster.
   Int:       It affects your intelligence (-3).
   Dex:       It affects your dexterity (+8).
   SInv:      It lets you see invisible.
 N - a +1 short sword of venom
 O - a +0 rapier
 S - a +0 dagger of speed
 X - the +1 hand axe of Rotation {vorpal, rCorr}
   (You found it on level 2 of the Lair of Beasts)

   It inflicts extra damage upon your enemies.
   rCorr:     It protects you from acid and corrosion.
Missiles
 a - 94 stones
 o - 28 poisoned darts
 J - 4 datura-tipped darts
 P - 4 curare-tipped darts
Magical Staves
 B - a staff of earth
 K - a staff of fire
 U - a staff of cold
Jewellery
 c - an amulet of magic regeneration (around mantle)
 j - an amulet of reflection
 k - a ring of poison resistance (left tentacle)
 p - a ring of fire
 r - the ring of Sagremat (on tentacle) {Fire rElec Str+2}
   (You found it on level 7 of the Dungeon)

   [ring of fire]

   It enhances your fire magic.
   Str:       It affects your strength (+2).
   rF:        It protects you from fire.
   rC:        It makes you vulnerable to cold.
   rElec:     It insulates you from electricity.
 t - a +4 ring of slaying (on tentacle)
 y - a ring of wizardry (on tentacle)
 C - a +6 ring of strength (on tentacle)
 T - a ring of wizardry (right tentacle)
 V - an amulet of regeneration
 Z - a ring of protection from cold (on tentacle)
Wands
 f - a wand of iceblast (5)
 u - a wand of acid (9)
 D - a wand of polymorph (6)
 G - a wand of digging (3)
 M - a wand of mindburst (3)
Scrolls
 d - 11 scrolls of teleportation
 h - 8 scrolls of amnesia
 i - 2 scrolls of holy word
 m - a scroll of enchant weapon
 n - 3 scrolls of enchant armour
 L - a scroll of blinking
 R - 4 scrolls of identify
 Y - a scroll of magic mapping
Potions
 b - 2 potions of magic
 l - 6 potions of curing
 q - a potion of flight
 v - a potion of brilliance
 z - 3 potions of cancellation
 A - a potion of mutation
 H - 2 potions of haste
 Q - a potion of lignification
Miscellaneous
 w - a tin of tremorstones (2/2)


   Skills:
 - Level 11.0 Fighting
 - Level 10.5 Long Blades
 - Level 6.1 Dodging
 - Level 5.2 Spellcasting
 - Level 5.0 Conjurations
 - Level 3.9 Necromancy
 - Level 1.0 Transmutations
 - Level 5.1 Fire Magic
 - Level 5.7 Air Magic
 + Level 13.6 Earth Magic
 - Level 8.0 Evocations


You had 4 spell levels left.
You knew the following spells:

 Your Spells              Type           Power      Damage    Failure   Level
a - Sandblast             Erth           100%       2d20      1%          1
b - Stone Arrow           Conj/Erth      72%        3d11      1%          3
c - Passwall              Tmut/Erth      24%        N/A       1%          2
d - Swiftness             Air            23%        N/A       1%          3
e - Sticky Flame          Conj/Fire      32%        2d5       4%          4
f - Dispel Undead         Necr           17%        3d10      7%          4
g - Static Discharge      Conj/Air       22%        N/A       1%          2

Your spell library contained the following spells:

 Spells                   Type           Power      Damage    Failure   Level
 Pain                     Necr           68%        1d7       1%          1
 Shock                    Conj/Air       88%        1d8       1%          1
 Corpse Rot               Necr/Air       40%        N/A       1%          2
 Petrify                  Tmut/Erth      29%        N/A       1%          4
 Airstrike                Air            11%        N/A       3%          4
 Freeze                   Ice            16%        1d4       4%          1
 Ensorcelled Hibernation  Hex/Ice        8%         N/A       6%          2
 Frozen Ramparts          Ice            8%         1d2       11%         3
 Gell's Gravitas          Tloc           4%         N/A       11%         3
 Teleport Other           Tloc           4%         N/A       11%         3
 Hailstorm                Conj/Ice       13%        3d5       13%         4
 Lightning Bolt           Conj/Air       11%        1d24      11%         5
 Agony                    Necr           17%        N/A       19%         5
 Excruciating Wounds      Necr           8%         N/A       19%         5
 Dispersal                Tloc           2%         N/A       99%         6
 Maxwell's Capacitive Co  Air            11%        ∞         100%        8
 Chain Lightning          Conj/Air       11%        3d14      100%        9
 Fire Storm               Conj/Fire      16%        8d4       100%        9
 Shatter                  Erth           25%        3d21*     100%        9
 Death Channel            Necr           Unusable   N/A       N/A         6

Dungeon Overview and Level Annotations

Branches:
Dungeon (11/15)            Temple (1/1) D:5            Lair (6/6) D:11
 Shoals (0/4) Lair:3       Spider (0/4) Lair:4        Slime (0/5) Lair:6
    Orc (0/2) D:11

Altars:
Ashenzari
Cheibriados
Dithmenos
Elyvilon
Fedhas
Gozag
Hepliaklqana
Kikubaaqudgha
Makhleb
Nemelex Xobeh
Okawaru
Qazlal
Ru
Sif Muna
Trog
Uskayaw
Vehumet
Wu Jian
Xom
Yredelemnul
Zin
The Shining One
Beogh
Jiyva

Shops:
D:6 *   D:7 *   D:9 =   D:11 [

Annotations:
D:5 3 runed translucent doors, spaghetti's ghost, novice OgWr
D:9 2 transporters, Cecur's ghost, novice FoFi


Innate Abilities, Weirdness & Mutations

You cannot wear most types of armour.
You are amphibious.
You can wear up to seven rings at the same time.
Your skin changes colour to match your surroundings (Stealth+).
You are dopey. (Int -2)
Your rubbery body absorbs attacks. (AC +1, EV +1)
You sometimes lose the ability to read scrolls when taking damage.
You are missing a hand.
You cannot be stealthy.
You are hated by all.
((You are camouflaged when in or above water. (Stealth+)))
You have tentacles for arms and can constrict up to seven enemies at once.


Message History

The yak bellows!
A nearby plant withers and dies.
The catoblepas breathes a plume of calcifying dust at something.
Found a potion of berserk rage.
The yak bellows!
A manticore comes into view.
The yak snorts and paws the ground.
You feel less exhausted.
The yak bellows!
Okay, then.
Casting: Sandblast (safe; 1% risk of failure)
Confirm with . or Enter, or press ? or * to list all spells.
Aiming: Passwall (safe; 1% risk of failure)
Press: ? - help, Dir - move target A rock wall.
This rock feels extremely deep.
The yak bellows! x2
You redirect the catoblepas's attack!
The catoblepas barely misses you.
You cannot read scrolls in your current state!
Unknown command.
Okay, then.
Okay, then.
Unknown command.
Aiming: Corrosive Bolt
Press: ? - help, Shift-Dir - straight line, f - catoblepas
Aim: a catoblepas (lightly wounded, can't see you, 100% to hit)
The bolt of acid hits the catoblepas.
The acid corrodes the catoblepas!
The catoblepas is lightly wounded.
The bolt of acid hits the yak!
The acid corrodes the yak!
The yak is heavily wounded.
The catoblepas gores you!
* * * LOW HITPOINT WARNING * * *
You focus your inner power and illuminate the catoblepas in retribution!
You are restored by drawing out deep reserves of power within.
You feel drained. The catoblepas gores you!!!
* * * LOW HITPOINT WARNING * * *
The yak snorts and paws the ground.
The catoblepas gores you!!
You die...

###...........§...
##............§..
#................
#................
###..............
########.......
#######. #### ##
###.@## ######
##....Y###....####
#...........8....#
#$...##...Y.8....##
###!# #..8Y..Y8.###
## ##..8Y8Y.Y..#
##.YYYY##..## ##
#.HY.####..###.
##..## ##.....


You could see 5 death yaks, a catoblepas (can't see you, corroded, corona), a
manticore (wandering, can't see you) and 5 yaks.

Vanquished Creatures
  2 catoblepae (Lair:6)
  A boulder beetle (Lair:4)
  2 hydras
  Erica (D:8)
  6 death yaks
  Sonja (D:11)
  A lindwurm (Lair:5)
  An ugly thing (D:9)
  A cyclops (D:11)
  Maurice (D:8)
  A manticore (Lair:4)
  4 merfolk sirens (Lair:3)
  7 black mambas
  5 torpor snails
  10 cane toads
  Psyche (D:8)
  5 komodo dragons
  Maggie (D:9)
  14 rime drakes
  A kobold demonologist (D:11)
  A polar bear (Lair:5)
  4 trolls
  Prince Ribbit (D:7)
  27 blink frogs
  8 dream sheep (Lair:6)
  The ghost of Gibbon the Conjurer, an amateur TeCj (D:4)
  2 vampires (D:10)
  A shadow (D:9)
  Sigmund (D:3)
  10 wyverns
  30 yaks
  4 basilisks
  2 steam dragons (D:10)
  Grum (D:8)
  A vampire mosquito (D:10)
  2 swamp worms (D:9)
  7 water moccasins
  2 black bears
  11 orc warriors
  2 ice beasts
  4 sky beasts
  14 wolves
  7 centaurs
  A phantom (D:4)
  2 kobold brigands
  10 bullfrogs
  11 scorpions
  6 necrophages
  6 wights
  3 electric eels (D:11)
  3 howler monkeys
  3 centaur zombies (D:10)
  5 jellies
  4 hounds (D:6)
  9 orc priests
  A human zombie (D:10)
  7 iguanas
  8 orc wizards
  13 hell rats
  2 mummies (D:10)
  A howler monkey zombie (D:10)
  8 adders
  A gnoll (D:6)
  A shadow imp (D:6)
  5 white imps
  3 dart slugs
  5 worms
  44 orcs
  2 endoplasms (D:2)
  3 giant cockroaches (D:1)
  2 goblins
  3 hobgoblins
  10 jackals
  5 quokkas
  5 ball pythons
  6 bats
  3 frilled lizards
  17 kobolds
  9 rats
436 creatures vanquished.

Vanquished Creatures (others)
  A komodo dragon (Lair:6)
  A blink frog (Lair:2)
  32 fungi
  130 plants
164 creatures vanquished.

Grand Total: 600 creatures vanquished

Notes
Turn   | Place    | Note
-------+----------+-------------------------------------------
     0 | D:1      | bwicke the Octopode Earth Elementalist began the quest for
                  | the Orb.
     0 | D:1      | Reached XP level 1. HP: 11/11 MP: 3/3
    58 | D:1      | Reached XP level 2. HP: 17/17 MP: 0/5
    80 | D:1      | Found a faded altar of an unknown god.
   702 | D:1      | Reached skill level 4 in Earth Magic
   766 | D:1      | Reached skill level 10 in Earth Magic
   766 | D:1      | Reached XP level 3. HP: 12/21 MP: 6/6
   771 | D:1      | Learned a level 3 spell: Stone Arrow
   774 | D:1      | Learned a level 2 spell: Passwall
  1255 | D:2      | Reached XP level 4. HP: 27/27 MP: 7/7
  1949 | D:2      | Found a shimmering altar of Xom.
  2066 | D:3      | Noticed Sigmund
  2068 | D:3      | Killed Sigmund
  2069 | D:3      | Reached XP level 5. HP: 23/31 MP: 4/10
  2069 | D:3      | Reached XP level 6. HP: 27/36 MP: 4/11
  2100 | D:3      | HP: 1/36 [orc/+0 trident (8)]
  2911 | D:3      | Reached skill level 1 in Conjurations
  3112 | D:4      | Found a runed translucent door.
  3114 | D:4      | Noticed Gibbon's ghost (amateur TeCj)
  3121 | D:4      | Killed Gibbon's ghost
  3122 | D:4      | Reached XP level 7. HP: 25/41 MP: 4/12
  3898 | D:4      | Reached skill level 5 in Conjurations
  3989 | D:5      | Entered Level 5 of the Dungeon
  3989 | D:5      | Found a runed translucent gate.
  3990 | D:5      | Found a runed translucent gate.
  3990 | D:5      | Noticed spaghetti's ghost (novice OgWr)
  4011 | D:5      | Found a runed translucent gate.
  4012 | D:5      | Identified the +3 chain mail of the Equinox {rElec Will++}
  4439 | D:5      | Reached XP level 8. HP: 46/46 MP: 11/13
  4556 | D:5      | Found a staircase to the Ecumenical Temple.
  5256 | D:6      | Found Olink's Elemental Accessories.
  5367 | D:6      | Reached skill level 5 in Dodging
  5705 | D:6      | Reached skill level 1 in Air Magic
  5706 | D:6      | Reached XP level 9. HP: 51/51 MP: 4/14
  5779 | D:6      | Learned a level 3 spell: Swiftness
  5784 | D:6      | Learned a level 4 spell: Airstrike
  5807 | Temple   | Entered the Ecumenical Temple
  5981 | Temple   | Became a worshipper of Ru the Awakened
  6222 | D:6      | Reached skill level 5 in Air Magic
  6522 | D:7      | Identified the ring of Sagremat {Fire rElec Str+2}
  6676 | D:7      | Noticed Prince Ribbit
  6687 | D:7      | Killed Prince Ribbit
  6688 | D:7      | Reached skill level 5 in Spellcasting
  6989 | D:7      | Reached skill level 1 in Necromancy
  6989 | D:7      | Reached XP level 10. HP: 56/56 MP: 13/17
  7072 | D:7      | Found Ciha Mec's General Store.
  7089 | D:7      | Gained mutation: You are missing a hand. [Ru sacrifice]
  7089 | D:7      | Reached * piety under Ru
  7089 | D:7      | Reached ** piety under Ru
  7347 | D:7      | Found an opulent altar of Gozag.
  7351 | D:7      | Found a radiant altar of Vehumet.
  7374 | D:7      | Found a glowing silver altar of Zin.
  7475 | D:8      | Learned a level 4 spell: Dispel Undead
  7478 | D:8      | Learned a level 2 spell: Static Discharge
  7515 | D:8      | Noticed Erica
  7518 | D:8      | Killed Erica
  7615 | D:6      | Bought a staff of earth for 325 gold pieces
  7848 | D:8      | Noticed Grum
  7854 | D:8      | Reached skill level 1 in Evocations
  7856 | D:8      | Killed Grum
  8198 | D:8      | Noticed Psyche
  8213 | D:8      | Killed Psyche
  8571 | D:8      | Noticed Maurice
  8577 | D:8      | Killed Maurice
  8578 | D:8      | Reached skill level 5 in Evocations
  8743 | D:9      | Found a transporter.
  9124 | D:9      | Found a transporter.
  9127 | D:9      | Noticed a rakshasa
  9129 | D:9      | Noticed Cecur's ghost (novice FoFi)
  9211 | D:9      | Found Pekoim's Jewellery Boutique.
  9408 | D:9      | Noticed a purple ugly thing
  9415 | D:9      | Killed a purple ugly thing
  9624 | D:9      | HP: 2/56 [troll (14)]
  9964 | D:9      | Reached skill level 1 in Fighting
  9964 | D:9      | Reached XP level 11. HP: 63/63 MP: 11/18
 10031 | D:9      | Noticed Maggie
 10038 | D:9      | Killed Maggie
 10327 | D:10     | Entered Level 10 of the Dungeon
 10390 | D:10     | Found an ancient bone altar of Kikubaaqudgha.
 10867 | D:10     | Learned a level 4 spell: Sticky Flame
 11005 | D:10     | Reached skill level 1 in Fire Magic
 11039 | D:10     | Found a basalt altar of Yredelemnul.
 11067 | D:10     | Gained mutation: You cannot be stealthy. [Ru sacrifice]
 11067 | D:10     | Reached *** piety under Ru
 11731 | D:11     | Found Watracwa's Armour Shoppe.
 11835 | D:11     | Noticed a five-headed hydra
 11969 | D:11     | Noticed Sonja
 11972 | D:11     | Killed Sonja
 11973 | D:11     | Reached skill level 5 in Fire Magic
 12220 | D:11     | Reached skill level 5 in Fighting
 12433 | D:11     | HP: 1/68 [centaur/arrow (11)]
 12512 | D:11     | HP: 2/69 [centaur/arrow (16)]
 12915 | D:11     | Found a staircase to the Orcish Mines.
 13032 | D:11     | Noticed a cyclops
 13042 | D:11     | Killed a cyclops
 13085 | D:11     | Found a staircase to the Lair.
 13103 | D:11     | Killed a five-headed hydra
 13104 | D:11     | Reached XP level 12. HP: 41/82 MP: 13/19
 13374 | D:11     | Noticed a soul eater
 13464 | Lair:1   | Entered Level 1 of the Lair of Beasts
 14714 | Lair:1   | Reached skill level 10 in Fighting
 15394 | Lair:2   | Gained mutation: You sometimes lose the ability to read
                  | scrolls when taking damage. [Ru sacrifice]
 15394 | Lair:2   | Reached **** piety under Ru
 16180 | Lair:2   | Identified the +1 hand axe of Rotation {vorpal, rCorr}
 16378 | Lair:3   | Identified the +9 falchion of Tillap {speed, Int-3 Dex+8
                  | SInv}
 16403 | Lair:3   | Reached skill level 1 in Long Blades
 16473 | Lair:3   | Noticed a five-headed hydra
 16486 | Lair:3   | Killed a five-headed hydra
 16815 | Lair:3   | Found a staircase to the Shoals.
 16819 | Lair:3   | Reached skill level 5 in Long Blades
 17127 | Lair:3   | Reached XP level 13. HP: 88/95 MP: 18/20
 17987 | Lair:4   | Found a snail-covered altar of Cheibriados.
 18303 | Lair:4   | Gained mutation: You are hated by all. [Ru sacrifice]
 18303 | Lair:4   | Reached ***** piety under Ru
 18331 | Lair:4   | Found a hole to the Spider Nest.
 19296 | Lair:4   | Identified the +0 scale mail of Vexation {Stlth+}
 19961 | Lair:5   | Reached skill level 10 in Long Blades
 20611 | Lair:6   | Entered Level 6 of the Lair of Beasts
 20611 | Lair:6   | Found a staircase to the Slime Pits.
 20633 | Lair:6   | Reached skill level 11 in Earth Magic
 20679 | Lair:5   | Gained mutation: You are dopey. (Int -2) [Ru sacrifice]
 20679 | Lair:5   | Reached ****** piety under Ru
 21523 | Lair:6   | HP: 1/95 [cane toad (12)]
 21847 | Lair:6   | Reached XP level 14. HP: 88/100 MP: 19/21
 21856 | Lair:6   | Reached skill level 12 in Earth Magic
 22963 | Lair:4   | Reached skill level 13 in Earth Magic
 23725 | Lair:6   | Mangled by a catoblepas

Illustrated notes

Levels and vault maps discovered:
D:1:      wheals_arrival_linesprint, layout_loops_ring,
          hellmonk_ecumenical_altar_defaced_shrine,
          amcnicky_mini_corridor_feature
D:2:      layout_loops_cross, basic_altar, hangedman_decor_lopped,
          corner_web_ring
D:3:      layout_loops_ring, hangedman_decor_growths, moated_statue,
          uniq_sigmund
D:4:      layout_layer_cave, ebering_ghost_sewer_d
D:5:      layout_loops_corners, minmay_temple_entry_from_below_a,
          biasface_ghost_orc_armoury, palyth_stone_intersect, chequers_jeans
D:6:      minmay_razor_zed, layout_cave_pools, nicolae_elemental_shop
D:7:      layout_basic, minmay_overflow_temple_star_quad, serial_shops, shop,
          hangedman_abyss_or_decor_stagger, uniq_prince_ribbit1
D:8:      layout_loops_ring, uniq_maurice, uniq_psyche, uniq_grum, uniq_erica
D:9:      layout_small_grid, serial_shops, nicolae_shop_advertising_works
          [nicolae_subvault_shop_adworks], nzn_ghost_randoct,
          supply_closet_lemuel, worms_lemuel, uniq_maggie
D:10:     layout_roguey, lemuel_mausoleum_altar_yredelemnul,
          mainiacjoe_overflow_boulevard, st_stairs_2
D:11:     layout_roguey, dpeg_oklobed_lair, erik_orc_2, serial_shops, shop,
          uniq_sonja
Temple:   minmay_crystal_spiral_temple
Lair:1:   layout_roguey
Lair:2:   layout_long_grid, chequers_serial_rivers_micro_c
Lair:3:   layout_regular_city, elwin_shoals_entry_stream,
          chequers_serial_rivers_small_a
Lair:4:   layout_roguey [special_room_mythical_zoo],
          nicolae_spider_entry_non_spiders, kennysheep_snail_temple
Lair:5:   layout_regular_city, serial_forest, infiniplex_forest_lined_3,
          infiniplex_forest_lined_3, infiniplex_forest_corner_2,
          infiniplex_forest_clump_cross, infiniplex_forest_straight_3,
          infiniplex_forest_lined_2, infiniplex_staircase_pool_2
Lair:6:   evilmike_catoblepas_cave, layout_regular_city, slime_altar_1,
          nicolae_lair_yak_garden

Skill      XL: |  1  2  3  4  5  6  7  8  9 10 11 12 13 14 |
---------------+-------------------------------------------+-----
Earth Magic    | 10 11 13 | 13.6
Spellcasting   | 3 5 |  5.2
Conjurations   | 3 5 |  5.0
Dodging        | 3 6 |  6.1
Air Magic      | 1 5 |  5.7
Necromancy     | 1 3 |  3.9
Evocations     | 8 |  8.0
Fighting       | 1 7 11 | 11.0
Fire Magic     | 5 |  5.1
Stealth        | 0 |  0.0
Long Blades    | 5 10 | 10.5
Transmutations | |  1.0

Action                   |  1- 3 |  4- 6 |  7- 9 | 10-12 | 13-15 || total
-------------------------+-------+-------+-------+-------+-------++-------
Melee: Unarmed           |    11 |       |       |     4 |       ||    15
       Constrict         |     6 |    15 |    20 |    18 |    33 ||    92
       Tentacles         |     6 |    11 |    24 |    34 |    55 ||   130
       Dagger            |    11 |    50 |    68 |     2 |     3 ||   134
       Punch             |       |     1 |     2 |     2 |     4 ||     9
       Staff             |       |       |       |    90 |    25 ||   115
       Falchion          |       |       |       |    32 |   148 ||   180
 Cast: Sandblast         |    10 |    27 |    82 |   187 |   116 ||   422
       Stone Arrow       |       |     3 |    38 |    90 |    72 ||   203
       Airstrike         |       |       |     2 |     5 |       ||     7
       Dispel Undead     |       |       |       |     7 |       ||     7
       Swiftness         |       |       |       |     2 |     2 ||     4
       Static Discharge  |       |       |       |     7 |       ||     7
       Sticky Flame      |       |       |       |     4 |     6 ||    10
       Passwall          |       |       |       |     1 |     1 ||     2
Invok: Sacrifice a Hand  |       |       |       |     1 |       ||     1
       Draw Out Power    |       |       |       |     5 |     5 ||    10
       Sacrifice Stealth |       |       |       |     1 |       ||     1
       Sacrifice Words   |       |       |       |     1 |       ||     1
       Apocalypse        |       |       |       |       |     3 ||     3
       Sacrifice Purity  |       |       |       |       |     1 ||     1
       Sacrifice Love    |       |       |       |       |     1 ||     1
Evoke: Wand              |       |       |       |     3 |     2 ||     5
  Use: Scroll            |     3 |     2 |     4 |    17 |     5 ||    31
       Potion            |     1 |     1 |     1 |       |     7 ||    10
 Stab: Sleeping          |     7 |     8 |     3 |     5 |       ||    23
       Invisible         |       |       |       |     1 |     7 ||     8
       Paralysed         |       |       |       |       |     3 ||     3
Armor: Skin              |       |     7 |     9 |     7 |     2 ||    25
Dodge: Dodged            |    11 |    49 |    60 |   192 |   110 ||   422

Table legend: (Time is in decaauts)
 A = Elapsed time spent in this place.
 B = Non-inter-level travel time spent in this place.
 C = Inter-level travel time spent in this place.
 D = Time resting spent in this place.
 E = Time spent auto-exploring this place.
 F = Levels seen in this place.
 G = Mean time per level.
                   A        B        C        D        E       F      G
               +--------+--------+--------+--------+--------+-----+--------+
         Total |  23738 |  23001 |    737 |   6510 |  11401 |  18 | 1318.8 |
       Dungeon |  13297 |  12727 |    570 |   2695 |   7134 |  11 | 1208.8 |
        Temple |    187 |    174 |     13 |      0 |      0 |   1 |  187.0 |
          Lair |  10252 |  10098 |    154 |   3815 |   4267 |   6 | 1708.7 |
               +--------+--------+--------+--------+--------+-----+--------+

Top non-repeatable levels by time:
  Lair:4: 2507 daAuts
  Lair:5: 2018 daAuts
  Lair:3: 1711 daAuts
    D:11: 1695 daAuts
  Lair:2: 1464 daAuts
    D:10: 1447 daAuts
  Lair:1: 1428 daAuts
     D:8: 1372 daAuts
     D:9: 1338 daAuts
     D:1: 1209 daAuts
     D:5: 1195 daAuts
     D:6: 1142 daAuts
  Lair:6: 1121 daAuts
     D:7: 1117 daAuts
     D:2: 1026 daAuts
